 Dungeon Crawl Stone Soup version 0.16-a0-3843-ged98c6c (webtiles) character file.

107734 timbw the Severer (level 15, -10/119 HPs)
             Began as a Demonspawn Berserker on Jan 30, 2015.
             Was a High Priest of Trog.
             Shot with an arrow of flame by a naga sharpshooter (23 damage)
             ... on level 5 of the Snake Pit.
             The game lasted 01:19:14 (12015 turns).

timbw the Severer (Demonspawn Berserker)           Turns: 12015, Time: 01:19:15

Health: -10/119    AC: 22    Str: 25    XL:     15   Next: 64%
Magic:  15/15      EV: 22    Int:  7    God:    Trog [*****.]
Gold:   986        SH:  0    Dex: 24    Spells: 0 memorised, 14 levels left

rFire  . . .     SeeInvis +     H - +2 battleaxe (elec)
rCold  + . .     Clarity  +     e - +1 swamp dragon armour
rNeg   + . .     SustAb   .     (no shield)
rPois  +         Gourm    .     Y - +2 helmet {SInv}
rElec  +         Spirit   .     x - +2 cloak
rCorr  .         Warding  .     U - +1 pair of gloves {Dex+3}
rMut   .         Stasis   .     v - +0 pair of boots
MR     ++++.                    i - amulet of clarity
Stlth  ++++......               f - ring "Cligojuh" {rElec rN+ MR+ Str+4 Int-2 Slay+6}
                                u - +5 ring of slaying

@: lethally poisoned, about to teleport, regenerating, incredibly resistant to
hostile enchantments, stealthy
A: claws 2, thin skeletal structure 3, cold resistance 1, nightstalker 1,
freezing cloud immunity
a: Burn Spellbooks, Berserk, Trog's Hand, Brothers in Arms, Renounce Religion
}: 1/15 runes: decaying


You were on level 5 of the Snake Pit.
You worshipped Trog.
Trog was extremely pleased with you.
You were not hungry.

You visited 4 branches of the dungeon, and saw 29 of its levels.
You also visited: Sewer and Volcano.

You collected 1193 gold pieces.
You spent 207 gold pieces at shops.

Inventory:

Hand weapons
 F - a +2 antimagic battleaxe
 H - a +2 battleaxe of electrocution (weapon)
 L - a +2 antimagic battleaxe
Armour
 e - a +1 swamp dragon armour (worn)
 v - a +0 pair of boots (worn)
 x - a +2 cloak (worn)
 y - a +0 plate armour
 U - a +1 pair of gloves of dexterity (worn)
 Y - a +2 helmet of see invisible (worn)
Rods
 A - a +2 rod of destruction (12/12)
   (You found it on level 9 of the Dungeon)
Jewellery
 f - the ring "Cligojuh" (right hand) {rElec rN+ MR+ Str+4 Int-2 Slay+6}
   (You found it on level 5 of the Dungeon)

   [ring of protection from magic]

   It affects your strength (+4).
   It affects your intelligence (-2).
   It affects your accuracy and damage with ranged weapons and melee attacks
   (+6).
   It insulates you from electricity.
   It protects you from negative energy.
   It affects your resistance to hostile enchantments.
 i - an amulet of clarity (around neck)
 u - a +5 ring of slaying (left hand)
 J - an uncursed amulet of the gourmand
 T - an uncursed amulet of stasis
Magical devices
 a - a wand of lightning (7)
 h - a wand of draining (9)
 j - a wand of cold (2)
 G - a wand of polymorph (14)
 I - a wand of digging (17)
 W - a wand of invisibility (4)
Scrolls
 l - a scroll of identify
 q - 4 scrolls of teleportation
 s - 2 scrolls of fear
 w - 3 scrolls of fog
 D - 6 scrolls of recharging
 P - a scroll of enchant armour
 Q - a scroll of blinking
 V - a scroll of magic mapping
 X - 2 scrolls of enchant weapon
Potions
 b - 2 potions of heal wounds
 c - 3 potions of brilliance
 d - a potion of flight
 g - 2 potions of agility
 n - 5 potions of haste
 p - a potion of cure mutation
 r - 3 potions of restore abilities
 t - a potion of invisibility
 z - a potion of resistance
 B - a potion of ambrosia
 E - a potion of cancellation
 M - 2 potions of berserk rage
 O - 2 potions of magic {unknown}
 S - 2 potions of degeneration {unknown}
Miscellaneous
 C - a disc of storms
 K - a lamp of fire
 R - a lantern of shadows
Comestibles
 k - 4 bread rations
 m - a meat ration
 o - a fruit


   Skills:
 - Level 11.4 Fighting
 + Level 18.5 Axes
 - Level 10.2 Armour
 - Level 10.4 Dodging


You had 14 spell levels left.
You didn't know any spells.

Dungeon Overview and Level Annotations

Branches:
Dungeon (11/15)            Temple (0/1) D:4            Lair (8/8) D:10
  Swamp (5/5) Lair:3        Snake (5/5) Lair:5        Slime (0/6) Lair:7
    Orc: D:9-12

Altars:
Ashenzari
Elyvilon
Gozag
Nemelex Xobeh
Trog

Shops:
D:6 =[!   D:9 }

Annotations:
D:5 runed door
Lair:5 exclusion: oklob plant
Snake:4 Vashnia


Innate Abilities, Weirdness & Mutations

You have very sharp fingernails.
You have an unnaturally thin skeletal structure (Dex +6, Stealth++).
Your flesh is cold resistant.
You are slightly more attuned to the shadows.
You are immune to freezing clouds.


Message History

You kill the black mamba!
Trog accepts your kill.
You feel sick.
The greater naga points at you and mumbles some strange words.
The orb of energy hits you!
* * * LOW HITPOINT WARNING * * *
The naga sharpshooter mumbles some strange words.
The naga sharpshooter magically shoots an arrow of flame.
The arrow of flame hits you!
* * * LOW HITPOINT WARNING * * *
The arrow of flame burns you.
* * * LOW HITPOINT WARNING * * *
You see here an arrow of flame.
Read which item? (? for menu, Esc to quit)
As you read the scroll of teleportation, it crumbles to dust.
You feel strangely unstable.
You feel sick.
The naga sharpshooter gestures wildly while chanting.
The naga sharpshooter magically shoots an arrow of flame.
The arrow of flame hits you!!
You die...

...........# #......)...#
...........# #......(.####
##..####...# #......(....# ##..#
###.####.....#....# ....#
##.........##....# ##..#
#..........##)..## #..#
###.#......####)### * *#..#
#.....######....# * #,..#
#.....##).@#....# *
.,#.###.)_..)...)#....# ****
###..............N..#.#######*,,,
.....##.)......###.N........P*,,,
........)#...#####NN.......P_,,,,
........##...# #.)[........,,,,,
).###...###### #.....######,,,,,
..# ##### #.....# **,,,, <##
**###?.N#*** **,,,,


You could see a naga warrior, a naga sharpshooter and a naga ritualist.

Vanquished Creatures
  the Lernaean hydra (Swamp:5)
  Aizul (Snake:5)
  15 hydras
  A ghost crab (Swamp:5)
  3 naga warriors
  5 anacondas
  3 alligators
  7 death yaks (Lair:8)
  7 naga sharpshooters
  A shock serpent (Snake:5)
  3 catoblepae (Lair:8)
  2 salamander mystics
  4 sea snakes (Snake:5)
  A spriggan druid (Swamp:4)
  3 naga ritualists
  8 swamp dragons
  Pikel (D:5)
  A lindwurm (Volcano)
  An ugly thing (D:11)
  6 mana vipers
  A hornet (Swamp:5)
  10 salamanders
  2 griffons
  Maurice (D:8)
  22 black mambas
  9 spiny frogs
  A guardian serpent (Snake:4)
  A torpor snail (Lair:5)
  Psyche (D:9)
  13 naga magi
  6 fire drakes
  3 komodo dragons
  5 giant leeches
  2 trolls
  4 blink frogs
  2 ravens (Swamp:3)
  2 two-headed ogres
  9 bog bodies
  6 slime creatures (Swamp:5)
  A basilisk (Lair:4)
  3 fire bats (Volcano)
  31 yaks
  2 spriggans
  Eustachio (D:10)
  A hippogriff (Lair:4)
  A steam dragon (D:9)
  3 wyverns (Lair:4)
  A hell hound (Volcano)
  A hungry ghost (D:9)
  8 vampire mosquitoes
  12 insubstantial wisps (Swamp:5)
  A mottled dragon (Volcano)
  4 wolves (Lair:4)
  7 swamp worms
  3 sky beasts
  21 nagas
  5 orc warriors
  Purgy (Sewer)
  10 swamp drakes
  26 water moccasins
  2 wasps
  2 centaurs
  A slave (D:5)
  3 porcupines
  A phantom (D:10)
  8 ogres
  Duvessa (D:6)
  9 crocodiles
  4 big kobolds
  Blork the orc (D:6)
  4 giant frogs
  5 killer bees (D:8)
  2 goliath beetles
  6 electric eels
  Dowan (D:6)
  4 crimson imps
  A giant frog zombie (D:8)
  4 jellies (Lair:7)
  7 hounds
  3 centaur skeletons
  An iguana (D:10)
  4 orc priests
  7 orc wizards
  7 worker ants
  Natasha (twice) (D:5)
  12 sheep
  A killer bee zombie (D:10)
  A hound zombie (D:11)
  15 adders
  4 gnolls (D:4)
  15 river rats
  2 shadow imps (D:8)
  2 adder zombies
  3 giant geckos
  32 orcs
  A bat skeleton (D:4)
  2 bat zombies (D:6)
  4 giant cockroaches (D:6)
  2 goblins
  5 hobgoblins
  6 jackals
  2 ball pythons (Lair:5)
  10 bats
  A giant newt (D:2)
  23 kobolds
  6 quokkas
  8 rats
  5 fungi (Lair:8)
  6 plants
575 creatures vanquished.

Vanquished Creatures (collateral kills)
  A swamp dragon (Swamp:5)
  2 bog bodies (Swamp:5)
3 creatures vanquished.

Vanquished Creatures (others)
  A polar bear (Swamp:5)
  A two-headed ogre (Swamp:5)
  A slave (D:5)
  An ogre (Swamp:5)
  A giant spore (D:10)
  4 fungi
  A plant (Lair:5)
10 creatures vanquished.

Grand Total: 588 creatures vanquished

Notes
Turn   | Place    | Note
--------------------------------------------------------------
     0 | D:1      | timbw, the Demonspawn Berserker, began the quest for the Orb.
     0 | D:1      | Reached XP level 1. HP: 18/18 MP: 1/1
   194 | D:2      | Gained mutation: You have sharp fingernails. [demonic ancestry]
   194 | D:2      | Reached XP level 2. HP: 24/24 MP: 2/2
   289 | D:4      | Found a staircase to the Ecumenical Temple.
   299 | D:4      | Reached XP level 3. HP: 19/29 MP: 3/3
   299 | D:4      | Acquired Trog's second power
   299 | D:4      | Reached skill level 4 in Axes
   299 | D:4      | Reached XP level 4. HP: 22/35 MP: 4/4
   372 | D:5      | Entered Level 5 of the Dungeon
   372 | D:5      | Found a large runed door.
   372 | D:5      | Found a large runed door.
   372 | D:5      | Found a large runed door.
   372 | D:5      | Found a large runed door.
   372 | D:5      | Noticed a yak
   379 | D:5      | Reached skill level 5 in Axes
   381 | D:5      | Killed a yak
   381 | D:5      | Reached skill level 6 in Axes
   381 | D:5      | Reached XP level 5. HP: 23/41 MP: 5/5
   381 | D:5      | Gained mutation: Your flesh is cold resistant. [demonic ancestry]
   381 | D:5      | Reached XP level 6. HP: 26/47 MP: 6/6
   450 | D:5      | Noticed an ogre
   455 | D:5      | Killed an ogre
   455 | D:5      | Reached skill level 7 in Axes
   522 | D:5      | Got a twitching steel ring
   523 | D:5      | Identified the ring "Cligojuh" {rElec rN+ MR+ Str+4 Int-2 Slay+6} (You found it on level 5 of the Dungeon)
   607 | D:5      | Noticed a slave
   607 | D:5      | Noticed a slave
   608 | D:5      | Noticed a slave
   608 | D:5      | Noticed a slave
   609 | D:5      | Noticed Pikel
   624 | D:5      | Killed a slave
   637 | D:5      | Killed Pikel
   637 | D:5      | Reached skill level 8 in Axes
   637 | D:5      | Gained mutation: You have a somewhat thin skeletal structure (Dex +2, Stealth). [demonic ancestry]
   637 | D:5      | Reached XP level 7. HP: 52/52 MP: 7/7
   651 | D:5      | Killed a freed slave
   668 | D:5      | Noticed an ogre
   676 | D:5      | Killed an ogre
   711 | D:5      | Noticed Natasha
   722 | D:5      | Killed Natasha
   722 | D:5      | Reached skill level 9 in Axes
   722 | D:5      | Reached XP level 8. HP: 32/58 MP: 8/8
   730 | D:6      | Found Foskam's Antique Armour Shop.
   730 | D:6      | Noticed Duvessa
   730 | D:6      | Noticed Dowan
   736 | D:6      | Killed Duvessa
   769 | D:5      | Noticed Natasha
   777 | D:5      | Killed Natasha
   781 | D:5      | Found a white marble altar of Elyvilon.
   867 | D:6      | Killed Dowan
   889 | D:6      | Bought an embroidered cloak for 103 gold pieces
   924 | D:6      | Found a sparkling altar of Nemelex Xobeh.
   926 | D:6      | Noticed Blork the orc
   941 | D:6      | Killed Blork the orc
   948 | D:6      | Found Stracoah's Distillery.
   951 | D:6      | Reached skill level 10 in Axes
  1096 | D:6      | Found a glowing drain.
  1116 | Sewer    | Entered a sewer
  1144 | Sewer    | Noticed Purgy
  1161 | Sewer    | Killed Purgy
  1307 | D:6      | Found Pnezir's Jewellery Shoppe.
  1355 | D:6      | Bought a potion of curing for 39 gold pieces
  1355 | D:6      | Bought a potion of heal wounds for 65 gold pieces
  1413 | D:8      | Reached skill level 11 in Axes
  1416 | D:8      | Gained mutation: You are slightly more attuned to the shadows. [demonic ancestry]
  1416 | D:8      | Reached XP level 9. HP: 59/63 MP: 9/9
  1460 | D:8      | Noticed Maurice
  1481 | D:8      | Killed Maurice
  1647 | D:9      | Noticed Psyche
  1655 | D:9      | Killed Psyche
  1655 | D:9      | Reached skill level 12 in Axes
  1685 | D:9      | Found Rupaorec's Gadget Boutique.
  1700 | D:10     | Entered Level 10 of the Dungeon
  1706 | D:10     | Acquired Trog's third power
  1968 | D:9      | Gained mutation: You have very sharp fingernails. [demonic ancestry]
  1968 | D:9      | Reached XP level 10. HP: 44/71 MP: 10/10
  2054 | D:9      | Found a shattered altar of Ashenzari.
  2171 | D:10     | Noticed Eustachio
  2185 | D:10     | Killed Eustachio
  2387 | D:11     | Noticed a red ugly thing
  2407 | D:11     | Killed a red ugly thing
  2552 | D:11     | Reached skill level 13 in Axes
  2737 | D:11     | Reached skill level 5 in Fighting
  3176 | D:9      | Received a gift from Trog
  3399 | D:8      | Gained mutation: You are immune to freezing clouds. [demonic ancestry]
  3399 | D:8      | Reached XP level 11. HP: 80/80 MP: 11/11
  3996 | D:10     | Found a staircase to the Lair.
  4000 | Lair:1   | Entered Level 1 of the Lair of Beasts
  4000 | Lair:1   | Noticed a six-headed hydra
  4042 | Lair:2   | Identified a +2 rod of destruction (12/12) (You found it on level 9 of the Dungeon)
  4180 | Lair:3   | Reached skill level 5 in Armour
  4180 | Lair:3   | Reached skill level 5 in Dodging
  4448 | Lair:4   | Noticed a five-headed hydra
  4508 | Lair:5   | Reached skill level 14 in Axes
  4538 | Lair:5   | Found a staircase to the Snake Pit.
  4779 | Lair:5   | Gained mutation: You have a moderately thin skeletal structure (Dex +4, Stealth+). [demonic ancestry]
  4779 | Lair:5   | Reached XP level 12. HP: 91/91 MP: 12/12
  4998 | Lair:6   | Noticed a four-headed hydra
  5007 | Lair:6   | Killed a seven-headed hydra
  5126 | Lair:6   | Found a dark tunnel.
  5136 | Volcano  | Entered a volcano
  5564 | Lair:8   | Entered Level 8 of the Lair of Beasts
  5829 | Lair:8   | Reached skill level 15 in Axes
  5922 | Lair:8   | Gained mutation: You have an unnaturally thin skeletal structure (Dex +6, Stealth++). [demonic ancestry]
  5922 | Lair:8   | Reached XP level 13. HP: 90/100 MP: 13/13
  6096 | Lair:8   | Noticed a five-headed hydra
  6112 | Lair:8   | Killed an eight-headed hydra
  6251 | Lair:7   | HP: 7/151 [komodo dragon (8)]
  6256 | Lair:7   | HP: 7/151 [poisoned by a black mamba]
  6293 | Lair:7   | Found a staircase to the Slime Pits.
  6498 | Lair:4   | Identified a scroll of acquirement
  6555 | Lair:4   | Noticed an eight-headed hydra
  7158 | Lair:3   | Found a staircase to the Swamp.
  7174 | Swamp:1  | Entered Level 1 of the Swamp
  7498 | Swamp:2  | Reached skill level 16 in Axes
  7687 | Swamp:5  | Entered Level 5 of the Swamp
  7694 | Swamp:5  | Reached skill level 10 in Fighting
  7720 | Swamp:5  | Paralysed by a hornet for 2 turns
  7845 | Swamp:5  | Reached XP level 14. HP: 17/110 MP: 14/14
  8108 | Swamp:5  | Noticed the 27-headed Lernaean hydra
  8125 | Swamp:5  | Killed the 27-headed Lernaean hydra
  8152 | Swamp:5  | Got a decaying rune of Zot
  9331 | Snake:1  | Entered Level 1 of the Snake Pit
  9446 | Snake:2  | Reached skill level 17 in Axes
  9450 | Snake:2  | Reached skill level 10 in Dodging
  9805 | Snake:3  | Reached skill level 10 in Armour
  9805 | Snake:3  | Reached XP level 15. HP: 102/119 MP: 6/15
 10088 | Snake:4  | Noticed Mara
 10616 | Snake:4  | Noticed Vashnia
 11380 | Snake:5  | Entered Level 5 of the Snake Pit
 11469 | Snake:5  | Found an opulent altar of Gozag.
 11505 | Snake:5  | Noticed Aizul
 11533 | Snake:5  | Reached skill level 18 in Axes
 11679 | Snake:5  | Killed Aizul
 11848 | Snake:5  | Found a bloodstained altar of Trog.
 11903 | Snake:5  | Received a gift from Trog
 12015 | Snake:5  | Shot with an arrow of flame by a naga sharpshooter

Action                   |  1- 3 |  4- 6 |  7- 9 | 10-12 | 13-15 || total
-------------------------+-------+-------+-------+-------+-------++-------
Melee: Hand axe          |    49 |    70 |   145 |       |       ||   264
       War axe           |       |       |    82 |   175 |       ||   257
       Battleaxe         |       |       |       |   395 |   687 ||  1082
Invok: Berserk           |     2 |     3 |     8 |     8 |    11 ||    32
       Trog's Hand       |       |     3 |    13 |    30 |    35 ||    81
       Burn Spellbooks   |       |       |     1 |     4 |     3 ||     8
       Brothers in Arms  |       |       |       |       |     3 ||     3
Evoke: Wand              |       |       |       |       |     3 ||     3
  Use: Potion            |     1 |       |       |     2 |     7 ||    10
       Scroll            |       |     2 |     3 |    13 |    23 ||    41
 Stab: Petrified         |       |       |       |     5 |       ||     5
       Petrifying        |       |       |       |     1 |       ||     1
       Invisible         |       |       |       |       |     4 ||     4
       Distracted        |       |       |       |       |     2 ||     2
       Confused          |       |       |       |       |     1 ||     1
       Sleeping          |       |       |       |       |     3 ||     3
  Eat: Chunk             |       |     4 |    10 |    12 |    11 ||    37
       Bread ration      |       |       |     1 |     1 |     3 ||     5
       Beef jerky        |       |       |       |     3 |     4 ||     7
       Meat ration       |       |       |       |     1 |     1 ||     2
       Royal jelly       |       |       |       |     1 |       ||     1
       Pizza             |       |       |       |       |     2 ||     2
       Fruit             |       |       |       |       |     1 ||     1
